 Dungeon Crawl Stone Soup version 0.31-a0-1159-g800acc2fd1 (webtiles) character file.

Game seed: 5753602001593767131

10225 Malachi the Mimic (level 11, -6/128 HPs)
             Began as a Troll Chaos Knight on Dec 8, 2023.
             Was a Plaything of Xom.
             Mangled by a three-headed hydra simulacrum (17 damage)
             ... in an ice cave.
             The game lasted 00:16:58 (8733 turns).

Malachi the Mimic (Troll Chaos Knight)              Turns: 8733, Time: 00:16:59

Health: -6/128     AC: 10    Str: 31    XL:     11   Next: 33%
Magic:  10/10      EV: 15    Int:  6    God:    Xom [..*...]
Gold:   377        SH:  0    Dex:  9    Spells: 10/10 levels left

rFire   . .          .
                       - Unarmed
rCold   + . .        (shield currently unavailable)
rNeg    . . .        a - melded +2 robe
rPois   +            (helmet currently unavailable)
rElec   .            I - melded scarf {rC+ rF+}
rCorr   .            (gloves unavailable)
SInv    .            (boots unavailable)
Will    .....        b - amulet of regeneration
Stlth   +            g - ring of protection from cold
HPRegen 2.01/turn    i - +5 ring of evasion
MPRegen 0.12/turn

%: no passive effects
@: snake-form, hasted and slowed
A: constrict, boosted hp, large, unfitting armour, (claws 3), regeneration 1,
(shaggy fur 1), (tough skin 1), dopey 1, wild magic 1
a: Begin Untransformation, Renounce Religion


You were in an ice cave.
You worshipped Xom.
You were a toy of Xom.
You were an enormous serpent.
You visited 2 branches of the dungeon, and saw 12 of its levels.
You also visited: Ice Cave.

You collected 857 gold pieces.
You spent 480 gold pieces at shops.

Inventory:

Missiles
 q - 2 throwing nets
 v - 3 datura-tipped darts
 D - 5 curare-tipped darts
Armour
 a - a +2 robe (melded)
 I - a scarf of resistance (melded)
 J - +0 ice dragon scales
Jewellery
 b - an amulet of regeneration (around neck)
 d - a ring of flight
 g - a ring of protection from cold (left hand)
 i - a +5 ring of evasion (right hand)
 l - a +6 ring of strength
 C - an amulet of faith
 E - a +6 ring of intelligence
Talismans
 e - a flux talisman
 r - a serpent talisman (active)
 t - a beast talisman
 y - a maw talisman
Wands
 j - a wand of flame (6)
 x - a wand of mindburst (17)
 G - a wand of digging (3)
Scrolls
 c - 4 scrolls of immolation
 h - 2 scrolls of enchant weapon
 k - 6 scrolls of teleportation
 n - 4 scrolls of enchant armour
 w - 2 scrolls of amnesia
 H - a scroll of fog
Potions
 f - a potion of berserk rage
 m - a potion of haste
 o - 3 potions of curing
 p - a potion of enlightenment
 s - 2 potions of brilliance
 u - a potion of might
 z - a potion of magic
 A - 3 potions of ambrosia
 B - a potion of cancellation


   Skills:
 - Level 6.7 Fighting
 - Level 2.2 Dodging
 + Level 10.3 Unarmed Combat
 * Level 12.2 Shapeshifting


You had 10 spell levels left.
You didn't know any spells.
Your spell library contained the following spells:

 Spells                   Type           Power      Damage    Failure   Level
 Apportation              Tloc           0%         N/A       54%         1
 Jinxbite                 Hex            0%         N/A       67%         2
 Gell's Gravitas          Tloc           0%         N/A       88%         3
 Ignite Poison            Fire/Tmut/Pois 0%         N/A       88%         3
 Teleport Other           Tloc           0%         N/A       88%         3
 Manifold Assault         Tloc           0%         N/A       99%         4
 Sticky Flame             Conj/Fire      0%         2d3       99%         4
 Alistair's Intoxication  Tmut/Pois      0%         N/A       100%        5
 Dispersal                Tloc           0%         N/A       100%        6
 Disjunction              Tloc           0%         N/A       100%        8
 Ignition                 Fire           0%         3d3       100%        8


Dungeon Overview and Level Annotations

Branches:
Dungeon (10/15)            Temple (1/1) D:6             Orc (0/2) D:9
  IceCv (1/1)
   Lair: D:8-11

Altars:
Ashenzari
Cheibriados
Dithmenos
Elyvilon
Fedhas
Gozag
Hepliaklqana
Kikubaaqudgha
Makhleb
Nemelex Xobeh
Okawaru
Qazlal
Ru
Sif Muna
Trog
Uskayaw
Vehumet
Wu Jian
Xom
Yredelemnul
Zin
The Shining One

Shops:
D:2 =   D:6 *   D:8 (   D:9 *


Innate Abilities, Weirdness & Mutations

You are an enormous serpent.
You have a powerful constriction melee attack.
Your maximum health is increased.
Your armour is entirely melded.
You are incapable of wielding weapons or throwing items.
You are too large for most types of armour.
((You have claws for hands.))
Your natural rate of healing is unusually fast.
((You are covered in fur. (AC +1)))
((You have tough skin. (AC +1)))
You are dopey. (Int -2)
Your spells are a little harder to cast, but a little more powerful.


Message History

You lash the anaconda simulacrum!
The anaconda simulacrum is severely damaged.
You constrict the anaconda simulacrum. The anaconda simulacrum bites you.
The anaconda simulacrum freezes you! You resist.
The anaconda simulacrum constricts you.
Unknown command.
You body-slam the anaconda simulacrum!!
The anaconda simulacrum vaporises!
Unknown command.
You start resting.
A three-headed hydra simulacrum is nearby!
You start resting.
A three-headed hydra simulacrum is nearby!
Something hits you. Something freezes you! You resist.
Something hits you but does no damage. Something hits you!
Something freezes you! You resist. Something hits you!
Something barely misses you. Something hits you!
* * * LOW HITPOINT WARNING * * *
Something drains your vigour!
You feel yourself slow down.
You closely miss something. Something hits you.
* * * LOW HITPOINT WARNING * * *
Something freezes you! You resist.
* * * LOW HITPOINT WARNING * * *
Something hits you.
* * * LOW HITPOINT WARNING * * *
Unknown command.
Okay, then.
You feel yourself speed up. Something hits you but does no damage.
Something completely misses you.
Something hits you but does no damage. x2
The three-headed hydra simulacrum bites you but does no damage.
The three-headed hydra simulacrum bites you.
* * * LOW HITPOINT WARNING * * *
The three-headed hydra simulacrum freezes you!
You resist.
* * * LOW HITPOINT WARNING * * *
The three-headed hydra simulacrum bites you.
* * * LOW HITPOINT WARNING * * *
The three-headed hydra simulacrum freezes you!
You resist.
You die...

## ############# ### .##
##...([#.....## ..??
..###.....[#......## .....
...#.......#.......#......
∩...............S{........
...#.......#.....Z.#......
..###......#......## .....
.## ##..(..#.....## ..)$
## ############# ### #


You could see a three-headed hydra simulacrum.

Vanquished Creatures
  An ice dragon (D:13)
  A boulder beetle (D:9)
  A two-headed ogre (D:10)
  An ugly thing (IceCv)
  3 ice statues (IceCv)
  A rime drake (D:13)
  A kobold demonologist (D:9)
  2 anaconda simulacra (IceCv)
  A polar bear (D:13)
  A hornet (D:9)
  A vampire (D:9)
  A wyvern (D:9)
  4 yaks
  Eustachio (D:4)
  A death yak simulacrum (IceCv)
  A steam dragon (D:10)
  A vampire mosquito (D:10)
  4 orc warriors
  Duvessa (D:6)
  An ice beast (D:7)
  2 black bears
  3 wolves (D:13)
  2 ogres
  5 centaurs
  A phantom (D:5)
  8 kobold brigands (D:9)
  5 bullfrogs
  A gnoll sergeant (D:9)
  2 scorpions
  Dowan (D:6)
  2 elephant simulacra (IceCv)
  9 killer bees
  3 jellies
  4 hounds
  A gnoll bouda (D:6)
  5 orc priests
  4 orc wizards
  8 iguanas
  A polar bear simulacrum (IceCv)
  A wolf simulacrum (IceCv)
  6 adders
  11 gnolls
  5 shadow imps
  8 white imps
  An ufetubus (D:6)
  2 worms
  A dart slug (D:5)
  25 orcs
  4 bats (D:1)
  4 endoplasms
  2 giant cockroaches (D:1)
  5 goblins
  9 hobgoblins
  7 quokkas
  7 ball pythons
  2 frilled lizards (D:1)
  43 kobolds
  12 kobold skeletons (D:9)
  6 kobold zombies (D:9)
  5 rats
262 creatures vanquished.

Vanquished Creatures (collateral kills)
  An endoplasm (D:4)
1 creature vanquished.

Grand Total: 263 creatures vanquished

Notes
Turn   | Place    | Note
-------+----------+-------------------------------------------
     0 | D:1      | Malachi the Troll Chaos Knight began the quest for the Orb.
     0 | D:1      | Reached XP level 1. HP: 22/22 MP: 0/0
   214 | D:1      | XOM: potion effect (experience)
   214 | D:1      | Reached XP level 2. HP: 37/37 MP: 1/1
   379 | D:1      | Reached XP level 3. HP: 45/45 MP: 2/2
   841 | D:1      | Found a faded altar of an unknown god.
  1026 | D:2      | Found an iron altar of Okawaru.
  1076 | D:2      | Found Vavuav's Jewellery Shoppe.
  1111 | D:2      | XOM: silly message
  1236 | D:2      | Reached XP level 4. HP: 53/53 MP: 3/3
  1301 | D:2      | XOM: divination: magic mapping
  2308 | D:3      | XOM: cloud trail
  2553 | D:4      | Noticed an ogre
  2564 | D:4      | Killed an ogre
  2565 | D:4      | Reached skill level 1 in Shapeshifting
  2565 | D:4      | Reached XP level 5. HP: 56/61 MP: 4/4
  2567 | D:4      | Noticed Eustachio
  2569 | D:4      | XOM: enchant monster (good)
  2581 | D:4      | XOM: enchant monster (bad)
  2592 | D:4      | Killed Eustachio
  2593 | D:4      | Reached skill level 2 in Shapeshifting
  2593 | D:4      | Reached XP level 6. HP: 68/68 MP: 5/5
  2682 | D:4      | XOM: cast spell 'Chain of Chaos'
  2817 | D:4      | XOM: divination: detect creatures
  2832 | D:4      | XOM is BORED!
  2832 | D:4      | XOM: give mutations
  2832 | D:4      | Gained mutation: You are agile. (Dex +4, Str/Int -1) [Xom's
                  | mischief]
  2832 | D:4      | Gained mutation: Potions are less effective at restoring
                  | your health. [Xom's mischief]
  2852 | D:4      | Reached skill level 3 in Shapeshifting
  2928 | D:4      | XOM: give mutations
  2928 | D:4      | Gained mutation: You are dopey. (Int -2) [Xom's mischief]
  2928 | D:4      | Lost mutation: You are agile. (Dex +4, Str/Int -1) [Xom's
                  | mischief]
  2979 | D:4      | XOM: god gift: scroll of amnesia
  3025 | D:4      | Found a hazy altar of Hepliaklqana.
  3025 | D:4      | Found a white marble altar of Elyvilon.
  3432 | D:5      | Entered Level 5 of the Dungeon
  3449 | D:5      | Reached XP level 7. HP: 74/76 MP: 6/6
  3497 | D:5      | Reached skill level 4 in Shapeshifting
  3608 | D:5      | Identified the +4 whip of Charity {pain, rPois rF+ rC++}
  3619 | D:5      | Found a stormy altar of Qazlal.
  3623 | D:5      | Noticed an air elemental
  3624 | D:5      | Noticed a fire elemental
  3624 | D:5      | Noticed a water elemental
  3697 | D:5      | XOM: 2-stop teleportation journey
  3707 | D:5      | Reached skill level 5 in Unarmed Combat
  3719 | D:5      | Found a shimmering altar of Xom.
  3719 | D:5      | Found an ancient bone altar of Kikubaaqudgha.
  3968 | D:5      | XOM: scenery: 1 doors close
  4020 | D:6      | Found Kexkyoq's Assorted Antiques.
  4024 | D:6      | Noticed Dowan
  4025 | D:6      | Noticed Duvessa
  4025 | D:6      | XOM: potion effect (berserk rage)
  4028 | D:6      | XOM: enchant monster (good)
  4033 | D:6      | Killed Duvessa
  4034 | D:6      | Reached skill level 5 in Shapeshifting
  4038 | D:6      | Killed Dowan
  4039 | D:6      | Reached XP level 8. HP: 84/84 MP: 7/7
  4089 | D:6      | XOM: cast spell 'Dispersal'
  4113 | D:6      | XOM: scenery: summon butterflies
  4129 | D:6      | XOM: scenery: summon butterflies
  4133 | D:6      | XOM: fog
  4159 | D:6      | Reached skill level 6 in Shapeshifting
  4213 | D:6      | XOM: summons 2 hostile demons
  4235 | D:6      | XOM: god gift: scroll labelled DUSTRO IRONEONUBB {god gift}
  4550 | D:6      | Found a staircase to the Ecumenical Temple.
  4654 | Temple   | Entered the Ecumenical Temple
  4702 | D:7      | XOM: confuse monster(s)
  4996 | D:7      | XOM: give mutations
  4996 | D:7      | Gained mutation: You possess an exceptional clarity of
                  | mind. [Xom's grace]
  4996 | D:7      | Gained mutation: You are robust. (+10% HP) [Xom's grace]
  4996 | D:7      | Gained mutation: Your flesh is heat resistant. (rF+) [Xom's
                  | grace]
  5065 | D:7      | XOM: summons 5 hostile demons
  5107 | D:7      | Reached skill level 7 in Shapeshifting
  5177 | D:7      | XOM: noise
  5349 | D:7      | XOM: silly message
  5665 | D:8      | Identified the ring "Hyesum" {Fire Int+2}
  5886 | D:8      | XOM: summons 3 hostile demons
  5888 | D:8      | XOM: polymorph quasit -> shadow imp
  6102 | D:8      | XOM: silly message
  6171 | D:8      | Reached XP level 9. HP: 101/101 MP: 8/8
  6226 | D:8      | Found Wutiuh's Weapon Shoppe.
  6230 | D:8      | XOM: blink monster(s)
  6418 | D:8      | XOM: summons 1 hostile demon
  6707 | D:9      | XOM: chaos upgrade
  6759 | D:8      | XOM: summons 4 hostile shadow creatures
  6784 | D:9      | Found a staircase to the Orcish Mines.
  6894 | D:9      | Reached skill level 8 in Shapeshifting
  6963 | D:9      | Noticed a boulder beetle
  6971 | D:9      | XOM: summons 4 friendly demons
  6988 | D:9      | XOM: enchant monster (bad)
  6989 | D:9      | Killed a boulder beetle
  6990 | D:9      | Reached skill level 9 in Shapeshifting
  6997 | D:9      | XOM: swap monsters
  7026 | D:9      | XOM: chaos cloud
  7164 | D:9      | XOM: enchant monster (bad)
  7169 | D:9      | Reached XP level 10. HP: 108/110 MP: 9/9
  7210 | D:9      | XOM: 2-stop teleportation journey
  7387 | D:9      | XOM: noise
  7426 | D:9      | Paralysed by a hornet for 1 turns
  7437 | D:9      | XOM: 1-stop teleportation journey
  7487 | D:9      | XOM: stat loss: -1 Int (5/6)
  7649 | D:9      | XOM: summons 6 hostile demons
  7682 | D:9      | Found an ancient bone altar of Kikubaaqudgha.
  7697 | D:9      | Reached skill level 10 in Shapeshifting
  7702 | D:9      | XOM: noise
  7725 | D:9      | XOM: give mutations
  7725 | D:9      | Lost mutation: You possess an exceptional clarity of mind.
                  | [Xom's mischief]
  7725 | D:9      | Gained mutation: You have an increased reservoir of magic.
                  | (+10% MP) [Xom's mischief]
  7725 | D:9      | Lost mutation: Your flesh is heat resistant. (rF+) [Xom's
                  | mischief]
  7725 | D:9      | Gained mutation: You are vulnerable to heat. (rF-) [Xom's
                  | mischief]
  7725 | D:9      | Lost mutation: Potions are less effective at restoring your
                  | health. [Xom's mischief]
  7842 | D:9      | Found Meabaa's Neck Hole.
  7846 | D:9      | XOM: give mutations
  7846 | D:9      | Gained mutation: You are partially covered in large bone
                  | plates. (SH +4) [Xom's mischief]
  7846 | D:9      | Gained mutation: You passively map a small area around you.
                  | [Xom's mischief]
  7852 | D:9      | Bought a scarf of resistance for 480 gold pieces
  7937 | D:10     | Entered Level 10 of the Dungeon
  7956 | D:10     | XOM: give mutations
  7956 | D:10     | Lost mutation: You are partially covered in large bone
                  | plates. (SH +4) [Xom's mischief]
  7956 | D:10     | Lost mutation: You are robust. (+10% HP) [Xom's mischief]
  7956 | D:10     | Lost mutation: You have an increased reservoir of magic.
                  | (+10% MP) [Xom's mischief]
  7956 | D:10     | Gained mutation: Your spells are a little harder to cast,
                  | but a little more powerful. [Xom's mischief]
  7961 | D:10     | Lost mutation: You passively map a small area around you.
                  | [potion of mutation]
  7961 | D:10     | Lost mutation: Your spells are a little harder to cast, but
                  | a little more powerful. [potion of mutation]
  7961 | D:10     | Lost mutation: You are vulnerable to heat. (rF-) [potion of
                  | mutation]
  7961 | D:10     | Gained mutation: Your spells are a little harder to cast,
                  | but a little more powerful. [potion of mutation]
  7992 | D:10     | Noticed a two-headed ogre
  8002 | D:10     | Killed a two-headed ogre
  8005 | D:10     | Noticed an elephant
  8011 | D:10     | Reached skill level 11 in Shapeshifting
  8015 | D:10     | HP: 2/100 [elephant (5)]
  8016 | D:10     | XOM: confuse monster(s)
  8023 | D:10     | You fall into a shaft and drop 3 floors!
  8200 | D:13     | Found a frozen archway.
  8201 | D:13     | Noticed an ice dragon
  8226 | D:13     | Killed an ice dragon
  8227 | D:13     | Reached XP level 11. HP: 47/107 MP: 10/10
  8246 | IceCv    | Entered an ice cave
  8259 | IceCv    | XOM: swap monsters
  8327 | IceCv    | Noticed a white ugly thing
  8345 | IceCv    | Killed a white ugly thing
  8346 | IceCv    | Reached skill level 10 in Unarmed Combat
  8452 | IceCv    | XOM: silly message
  8457 | IceCv    | Reached skill level 12 in Shapeshifting
  8704 | IceCv    | XOM: god gift: blackened iron wand {god gift}
  8724 | IceCv    | XOM: enchant monster (bad)
  8733 | IceCv    | Mangled by a three-headed hydra simulacrum

Illustrated notes

Levels and vault maps discovered:
D:1:      psy_arrival_whirlpool, layout_basic,
          shapermc_ecumenical_altar_mp_vishouse, minmay_crystal_water,
          supply_closet_lemuel
D:2:      layout_loops_ring, basic_altar, serial_shops,
          nicolae_shop_just_a_little_nook
D:3:      layout_basic
D:4:      layout_basic, nicolae_overflow_hidden_temple, serial_glass,
          glass_columns_a, glass_columns_b, serial_bayou_lake_a, uniq_eustachio
D:5:      layout_basic, nicolae_qazlal_style_of_elements, jmf_multi_god_temple,
          minmay_misc_feat_square, minmay_misc_feat_tiny,
          minmay_misc_feat_encased
D:6:      layout_rooms, lemuel_temple_firewalk_b, serial_demonic,
          serial_demonic_g, serial_demonic_c, serial_demonic_f,
          serial_demonic_e, serial_shops, shop, minmay_tree_intersection,
          uniq_duvessa
D:7:      layout_basic, serial_rivers, chequers_serial_rivers_small_3,
          chequers_serial_rivers_micro_d, chequers_serial_rivers_small_a,
          chequers_serial_rivers_micro_a, minivault_5
D:8:      layout_cave_pods, serial_shops, nicolae_shop_bloodbath_and_beyond
D:9:      wander_kiku_kobolds, layout_basic, orc_0_dummy,
          nicolae_shop_sticking_my_neck_out
D:10:     layout_rooms, grunt_lair_entry_orc_guard_hut,
          serial_library_hellmonk_big_corner, minivault_27, st_stairs_9
D:13:     layout_stronghold, portal_ice_cave_entry_animals_and_master,
          nzn_life_drinkers, uniq_sonja
Temple:   minmay_crystal_spiral_temple
IceCv:    ice_cave_statue_garden_chambered

Skill      XL: |  1  2  3  4  5  6  7  8  9 10 11 |
---------------+----------------------------------+-----
Dodging        | 2 |  2.2
Fighting       | 6 |  6.7
Shapeshifting  | 1 2 3 5 7 9 11 12 | 12.2
Unarmed Combat | 4 5 6 8 9 10 | 10.3

Action                     |  1- 3 |  4- 6 |  7- 9 | 10-12 || total
---------------------------+-------+-------+-------+-------++-------
  Melee: Unarmed           |    94 |   102 |   318 |   280 ||   794
         Punch             |       |       |    17 |     8 ||    25
         Constrict         |       |       |       |    21 ||    21
         Maw               |       |       |       |     6 ||     6
  Throw: Dart              |       |       |     1 |       ||     1
  Evoke: Wand              |       |       |       |     1 ||     1
    Use: Scroll            |       |    10 |    11 |     3 ||    24
         Potion            |       |       |     6 |     5 ||    11
   Stab: Paralysed         |       |       |     1 |       ||     1
 Armour: Robe              |    52 |    33 |   234 |    67 ||   386
         Skin              |       |       |       |   154 ||   154
  Dodge: Dodged            |    53 |    52 |   356 |   230 ||   691
  Block: Other             |       |       |       |     3 ||     3
   Form: Beast             |       |     1 |       |       ||     1
         Serpent           |       |       |       |     2 ||     2
         Maw               |       |       |       |     1 ||     1

Table legend: (Time is in decaauts)
 A = Elapsed time spent in this place.
 B = Non-inter-level travel time spent in this place.
 C = Inter-level travel time spent in this place.
 D = Time resting spent in this place.
 E = Time spent auto-exploring this place.
 F = Levels seen in this place.
 G = Mean time per level.
                   A        B        C        D        E       F      G
               +--------+--------+--------+--------+--------+-----+--------+
         Total |   8655 |   8447 |    208 |    920 |   5725 |  13 |  665.8 |
       Dungeon |   8177 |   7969 |    208 |    641 |   5725 |  11 |  743.4 |
        Temple |      1 |      1 |      0 |      0 |      0 |   1 |    1.0 |
      Ice Cave |    476 |    476 |      0 |    279 |      0 |   1 |  476.0 |
               +--------+--------+--------+--------+--------+-----+--------+

Top non-repeatable levels by time:
     D:9: 1170 daAuts
     D:8: 1116 daAuts
     D:1: 1020 daAuts
     D:7: 913 daAuts
     D:3: 898 daAuts
     D:4: 881 daAuts
     D:6: 678 daAuts
     D:2: 617 daAuts
     D:5: 583 daAuts
   IceCv: 476 daAuts
    D:13: 217 daAuts
    D:10: 78 daAuts
  Temple: 1 daAuts
